 Dungeon Crawl Stone Soup version 0.30-a0-862-g1aabd4f9c5 (webtiles) character file.

Game seed: 3980565091415820745

23 IdlyInterested the Trooper (level 2, 0/24 HPs)
             Began as a Demonspawn Fighter on Mar 9, 2023.
             Slain by a kobold
             ... wielding a +0 whip
              (2 damage)
             ... on level 2 of the Dungeon.
             The game lasted 00:03:31 (1173 turns).

IdlyInterested the Trooper (Demonspawn Fighter)     Turns: 1173, Time: 00:03:31

Health: 0/24       AC:  6    Str: 16    XL:     2   Next: 72%
Magic:  2/2        EV:  8    Int:  9    God:
Gold:   17         SH:  4    Dex: 12    Spells: 1/1 levels left

rFire   . . .      SeeInvis .    a - +0 long sword
rCold   . . .      Faith    .    c - +0 buckler
rNeg    . . .      Spirit   .    b - +0 scale mail
rPois   .          Reflect  .    (no helmet)
rElec   .          Rampage  .    (no cloak)
rCorr   .                        (no gloves)
Will    .....                    (no boots) Stlth
                                 (no amulet)
HPRegen 0.24/turn                (no ring)
MPRegen 0.08/turn                (no ring)

@: brilliant, invisible
A: ignite blood 1
a: no special abilities


You were on level 2 of the Dungeon.
You visited 1 branch of the dungeon, and saw 2 of its levels.

You collected 41 gold pieces.
You spent 24 gold pieces at shops.

Inventory:

Hand Weapons
 a - a +0 long sword (weapon)
Missiles
 e - 22 stones (quivered)
 g - 4 poisoned darts
Armour
 b - a +0 scale mail (worn)
 c - a +0 buckler (worn)
Scrolls
 f - 2 scrolls of enchant weapon {unknown}
 h - a scroll of fog {unknown}
 i - a scroll of immolation {unknown}
 k - a scroll of noise {unknown}
 m - a scroll of identify
 n - a scroll of poison {unknown}
Potions
 d - a potion of might


   Skills:
 - Level 3.0 Fighting
 + Level 2.3 Long Blades
 * Level 0.5 Throwing
 - Level 3.0 Armour
 - Level 1.0 Stealth
 - Level 2.6 Shields


You had one spell level left.
You didn't know any spells.
Your spell library contained the following spells:

 Spells                   Type           Power      Damage    Failure   Level
 Ensorcelled Hibernation  Hex/Ice        0%         N/A       96%         2
 Yara's Violent Unravell  Hex/Tmut       0%         3d3       100%        5
 Summon Cactus Giant      Summ           0%         N/A       100%        6
 Monstrous Menagerie      Summ           0%         N/A       100%        7


Dungeon Overview and Level Annotations

Branches:
Dungeon (2/15)

Altars:

Shops:
D:1 !:[?[


Innate Abilities, Weirdness & Mutations

Your demonic aura sometimes causes spilled blood to erupt in flames.


Message History

The endoplasm freezes you.
You are frozen.
The kobold hits you with a +0 whip. You block the adder's attack.
The kobold hits you with a +0 whip. The endoplasm freezes you.
You are frozen.
You hit the endoplasm.
The endoplasm is almost dead.
The adder closely misses you. The kobold hits you but does no damage.
The endoplasm freezes you.
You are frozen.
The adder bites you.
You are poisoned.
The adder poisons you!
You completely miss the endoplasm.
The endoplasm is almost dead.
You feel sick. The adder bites you but does no damage.
The endoplasm hits you but does no damage.
The kobold barely misses you. The adder closely misses you.
The kobold hits you but does no damage. You block the endoplasm's attack.
You hit the endoplasm but do no damage.
The endoplasm is almost dead.
You feel sick. The adder bites you but does no damage.
The kobold closely misses you. The endoplasm hits you.
* * * LOW HITPOINT WARNING * * *
Unknown command.
It was a potion of invisibility.
You fade into invisibility!
You feel sick. The adder barely misses you. The endoplasm freezes you.
* * * LOW HITPOINT WARNING * * *
The kobold hits you but does no damage. The adder barely misses you.
It was a potion of magic.
Magic courses through your body.
You feel sick. The adder closely misses you.
The endoplasm hits you but does no damage.
The rat barely misses you. The kobold closely misses you.
It was a potion of brilliance.
You feel clever all of a sudden.
You feel sick.
You are no longer poisoned.
The adder bites you but does no damage. The kobold hits you with a +0 whip.
You die...

.......#
#......#
##......#
....... ..... #
... ##..#
#.#.....#
#@JK.#
#...rSK.....#
....#..........
#. ###########


You could see an adder (unable to see you), an endoplasm, 2 kobolds and a rat
(unable to see you).

Vanquished Creatures
  3 endoplasms
  A goblin (D:2)
  5 hobgoblins
  A quokka (D:2)
  2 bats
  4 frilled lizards
  3 kobolds
  A rat (D:1)
20 creatures vanquished.

Notes
Turn   | Place    | Note
-------+----------+-------------------------------------------
     0 | D:1      | IdlyInterested the Demonspawn Fighter began the quest for
                  | the Orb.
     0 | D:1      | Reached XP level 1. HP: 18/18 MP: 1/1
    59 | D:1      | Found Josiuxt's Book Emporium.
   123 | D:1      | Found Lofalase's Antique Armour Emporium.
   191 | D:1      | Found Beopn's Armour Boutique.
   233 | D:1      | Found Utuash's Magic Scroll Emporium.
   320 | D:1      | Gained mutation: Your demonic aura sometimes causes spilled
                  | blood to erupt in flames. [demonic ancestry]
   320 | D:1      | Reached XP level 2. HP: 21/24 MP: 2/2
   629 | D:1      | Found Essizxos's Distillery.
   860 | D:1      | Bought a scroll of identify for 24 gold pieces
   956 | D:2      | Reached skill level 1 in Stealth
  1010 | D:2      | Got the Quarto of Doomed Creation
  1173 | D:2      | Slain by a kobold

Illustrated notes

Levels and vault maps discovered:
D:1:      evilmike_arrival_rings, layout_loops_ring, serial_shops, shop, shop,
          shop, nicolae_shop_waterfront, shop
D:2:      layout_basic, glass_columns_b, minmay_pentomino_t4

Skill      XL: |  1  2 |
---------------+-------+-----
Long Blades    | 2 |  2.3
Armour         | 3 |  3.0
Stealth        | 1 |  1.0
Fighting       | |  3.0
Throwing       | |  0.5
Shields        | |  2.6

Action                     || total
---------------------------++-------
  Melee: Long sword        ||    85
    Use: Potion            ||     3
 Armour: Scale mail        ||    47
  Dodge: Dodged            ||    65
  Block: Buckler           ||    43

Table legend: (Time is in decaauts)
 A = Elapsed time spent in this place.
 B = Non-inter-level travel time spent in this place.
 C = Inter-level travel time spent in this place.
 D = Time resting spent in this place.
 E = Time spent auto-exploring this place.
 F = Levels seen in this place.
 G = Mean time per level.
                   A        B        C        D        E       F      G
               +--------+--------+--------+--------+--------+-----+--------+
         Total |   1201 |   1075 |    126 |    100 |    702 |   2 |  600.5 |
       Dungeon |   1201 |   1075 |    126 |    100 |    702 |   2 |  600.5 |
               +--------+--------+--------+--------+--------+-----+--------+

Top non-repeatable levels by time:
     D:1: 1087 daAuts
     D:2: 114 daAuts
